 Dungeon Crawl Stone Soup version 0.21.1-1-g345015fe64 (webtiles) character file.

1869 Mrkan the Fighter (level 8, -3/92 HPs)
             Began as a Troll Monk on May 9, 2018.
             Slain by a warg (7 damage)
             ... on level 7 of the Dungeon.
             The game lasted 00:11:35 (5799 turns).

Mrkan the Fighter (Troll Monk)                      Turns: 5799, Time: 00:11:36

Health: -3/92      AC:  7    Str: 20    XL:     8   Next: 90%
Magic:  7/7        EV: 10    Int:  6    God:
Gold:   361        SH:  0    Dex: 14    Spells: 7/7 levels left

rFire    + . .     SeeInvis .     - Unarmed
rCold    . . .     Gourm    +   (no shield)
rNeg     . . .     Faith    .   j - +0 robe {rF+}
rPois    .         Spirit   .   k - +2 hat
rElec    .         Reflect  .   (no cloak)
rCorr    .         Harm     .   (gloves unavailable)
MR       .....                  (boots unavailable)
Stlth    ++........             (no amulet)
HPRegen  0.65/turn              (no ring)
MPRegen  0.10/turn              (no ring)

@: no status effects
A: large, unfitting armour, claws 3, fast metabolism 3, gourmand, regeneration
1, shaggy fur 1, tough skin 2
a: no special abilities


You were on level 7 of the Dungeon.
You were full.

You visited 1 branch of the dungeon, and saw 8 of its levels.

You collected 361 gold pieces.

Inventory:

Armour
 a - a +1 robe
 j - a +0 robe of fire resistance (worn)
 k - a +2 hat (worn)
Jewellery
 d - an uncursed ring of protection from fire
 e - a cursed ring of loudness
 q - a cursed ring of teleportation
Wands
 s - a wand of disintegration (12)
Scrolls
 c - 5 scrolls of remove curse
 m - a scroll of teleportation {unknown}
 n - a scroll of amnesia {unknown}
 o - 3 scrolls of identify
 p - a scroll of immolation {unknown}
 r - a scroll of blinking {unknown}
 x - a scroll of fear {unknown}
Potions
 f - 2 potions of mutation
 g - a potion of curing
 h - a potion of might {unknown}
 i - a potion of magic {unknown}
 l - 2 potions of brilliance {unknown}
 t - a potion of berserk rage {unknown}
 u - 2 potions of flight {unknown}
 v - a potion of agility {unknown}
 w - a potion of haste {unknown}
Comestibles
 b - 13 rations


   Skills:
 - Level 9.0 Fighting
 - Level 2.4 Dodging
 - Level 1.0 Stealth
 * Level 6.2 Unarmed Combat


You had 7 spell levels left.
You didn't know any spells.

Dungeon Overview and Level Annotations

Branches:
Dungeon (8/15)             Temple (0/1) D:6
   Lair: D:8-11

Altars:
Dithmenos
Yredelemnul

Shops:
D:5 (

Annotations:
D:8 Grum


Innate Abilities, Weirdness & Mutations

You are too large for most types of armour.
You have claws for hands.
Your metabolism is lightning-fast.
You like to eat raw meat.
Your natural rate of healing is unusually fast.
You are covered in fur. (AC +1)
You have very tough skin. (AC +2)


Message History

The warg misses you.
Things that are here:
a giant club; a wolf corpse The warg bites you but does no damage.
There is a stone staircase leading up here.
The wolf bites you.
* * * LOW HITPOINT WARNING * * *
The wolf closely misses you.
Found 41 gold pieces.
There is a stone staircase leading up here.
You can't go down here!
The warg barely misses you.
You climb upwards.
There is a stone staircase leading down here.
The warg bites you!
* * * LOW HITPOINT WARNING * * *
The warg bites you!
* * * LOW HITPOINT WARNING * * *
The warg bites you!
You die...

#.# ##### #.# #....
#.# #.### #.# #.# #
#.# #.# # #.# ##.##
#.# ##...##
#####.#######.###.#
#.@h........>.# #.#
#.#####.####..###.#
#.# #.# #.....##
#.# #.# #..#####
#.# #.## #..# # #.#
#).# #..# # #.#
##.###..##### #.#
#.#.........
#.######.#.#..#####


You could see a warg.

Vanquished Creatures
  The ghost of ImError the Chopper, an amateur HOMo (D:3)
  Menkaure (D:5)
  A warg (D:8)
  A phantom (D:7)
  2 wolves (D:8)
  2 ogres
  3 bullfrogs
  A water moccasin skeleton (D:7)
  3 crimson imps
  A howler monkey (D:4)
  A quasit (D:7)
  4 hounds
  An orc wizard (D:7)
  An orc priest (D:7)
  A centaur skeleton (D:6)
  2 jellies (D:5)
  6 worker ants
  2 worker ant zombies (D:6)
  A howler monkey zombie (D:5)
  Robin (D:4)
  A howler monkey skeleton (D:6)
  7 adders
  4 shadow imps
  3 oozes
  2 adder zombies
  2 worms
  A dart slug (D:3)
  A leopard gecko (D:3)
  4 orcs
  A ball python (D:4)
  6 giant cockroaches
  13 goblins
  7 hobgoblins
  5 quokkas
  5 bats
  4 frilled lizards
  A jackal skeleton (D:4)
  4 kobolds
  A leopard gecko skeleton (D:6)
  3 rats (D:2)
  A spectral orc (D:2)
112 creatures vanquished.

Notes
Turn   | Place    | Note
-------+----------+-------------------------------------------
     0 | D:1      | Mrkan the Troll Monk began the quest for the Orb.
     0 | D:1      | Reached XP level 1. HP: 22/22 MP: 0/0
   231 | D:1      | Reached XP level 2. HP: 29/29 MP: 1/1
   978 | D:2      | Reached XP level 3. HP: 34/36 MP: 2/2
  1102 | D:2      | Found a basalt altar of Yredelemnul.
  2249 | D:3      | Noticed ImError's ghost (amateur HOMo)
  2424 | D:3      | Killed ImError's ghost
  2424 | D:3      | Reached XP level 4. HP: 20/44 MP: 3/3
  2424 | D:3      | Reached XP level 5. HP: 23/50 MP: 4/4
  2706 | D:4      | Reached skill level 3 in Fighting
  2834 | D:4      | Found a shadowy altar of Dithmenos.
  2911 | D:4      | Noticed Robin
  2915 | D:4      | Killed Robin
  2915 | D:4      | Reached XP level 6. HP: 61/61 MP: 5/5
  3306 | D:5      | Entered Level 5 of the Dungeon
  3384 | D:5      | Reached skill level 4 in Fighting
  3386 | D:5      | Found Famunwit's Antique Weapon Boutique.
  3839 | D:5      | Noticed Menkaure
  3846 | D:5      | Killed Menkaure
  3846 | D:5      | Reached skill level 5 in Fighting
  3846 | D:5      | Reached XP level 7. HP: 26/72 MP: 6/6
  4339 | D:6      | Reached skill level 6 in Fighting
  4716 | D:6      | Found a staircase to the Ecumenical Temple.
  4880 | D:6      | Reached XP level 8. HP: 44/84 MP: 7/7
  4980 | D:7      | Reached skill level 7 in Fighting
  5438 | D:7      | Reached skill level 8 in Fighting
  5738 | D:8      | Reached skill level 9 in Fighting
  5743 | D:8      | Noticed Grum
  5766 | D:8      | HP: 1/92 [warg (15)]
  5796 | D:7      | HP: 2/92 [warg (7)]
  5799 | D:7      | Slain by a warg

Skill      XL: |  1  2  3  4  5  6  7  8 |
---------------+-------------------------+-----
Unarmed Combat | 4 6 |  6.2
Fighting       | 3 5 6 9 |  9.0
Dodging        | |  2.4
Stealth        | |  1.0

Action                   |  1- 3 |  4- 6 |  7- 9 || total
-------------------------+-------+-------+-------++-------
Melee: Unarmed           |   107 |   102 |   154 ||   363
       Punch             |       |       |     4 ||     4
  Use: Scroll            |     8 |     2 |     1 ||    11
       Potion            |     2 |       |       ||     2
 Stab: Distracted        |     1 |       |       ||     1
       Sleeping          |       |     6 |     2 ||     8
  Eat: Chunk             |    19 |    17 |    15 ||    51
       Ration            |       |     1 |       ||     1
Armor: Robe              |    53 |    39 |    55 ||   147
Dodge: Dodged            |    72 |    74 |    79 ||   225
